 Dungeon Crawl Stone Soup version 0.28-a0-1182-g381e24db82 (webtiles) character file.

Game seed: 12546025466962221203

2832 bearlyready the Spear-Bearer (level 9, 0/72 HPs)
             Began as a Merfolk Gladiator on Dec 16, 2021.
             Was an Elder of Trog.
             Slain by a vampire mosquito (7 damage)
             ... on level 7 of the Dungeon.
             The game lasted 00:10:25 (8069 turns).

bearlyready the Spear-Bearer (Merfolk Gladiator)    Turns: 8069, Time: 00:10:26

Health: 0/72       AC:  5    Str: 18    XL:     9   Next: 73%
Magic:  0/18       EV: 13    Int:  7    God:    Trog [****..]
Gold:   321        SH:  0    Dex: 16    Spells: 8/8 levels left

rFire   + + .      SeeInvis +   v - +0 halberd
rCold   . . .      Faith    .   (shield currently unavailable)
rNeg    . . .      Spirit   +   A - +1 leather armour of Twilight {rF++}
rPois   +          Reflect  .   c - +0 helmet
rElec   .          Harm     .   (no cloak)
rCorr   .          Rampage  .   (no gloves)
Will    .....                   (no boots)
Stlth   +.........              u - amulet "Sonucog" {Spirit SInv}
HPRegen 0.22/turn               g - ring of poison resistance
MPRegen 0.16/turn               w - ring of magical power

@: weak-willed, on berserk cooldown, slowed, very slow
A: (nimble swimmer 2), mertail
a: Renounce Religion, Berserk, Trog's Hand, Brothers in Arms


You were on level 7 of the Dungeon.
You worshipped Trog.
Trog was greatly pleased with you.
You visited 1 branch of the dungeon, and saw 7 of its levels.

You collected 321 gold pieces.

Inventory:

Hand Weapons
 a - a +1 trident
 v - a +0 halberd (weapon)
Missiles
 e - 4 javelins (quivered)
 x - 17 poisoned darts
 y - 3 boomerangs
Armour
 b - a +0 leather armour
 c - a +0 helmet (worn)
 f - a +0 ring mail
 j - a +0 scale mail
 A - the +1 leather armour of Twilight (worn) {rF++}
   (You found it on level 6 of the Dungeon)

   rF:        It greatly protects you from fire.
Jewellery
 g - a ring of poison resistance (left hand)
 i - an amulet of reflection
 u - the amulet "Sonucog" (around neck) {Spirit SInv}
   (You found it on level 6 of the Dungeon)

   [amulet of guardian spirit]

   It causes incoming damage to be divided between your reserves of health and
   magic.
   SInv:      It lets you see invisible.
 w - a ring of magical power (right hand)
Wands
 l - a wand of polymorph (6)
 B - a wand of mindburst (20)
Scrolls
 d - a scroll of blinking {unknown}
 h - a scroll of enchant weapon
 m - a scroll of fear {unknown}
 s - a scroll of vulnerability
 t - a scroll of noise {unknown}
 z - a scroll of identify
Potions
 k - a potion of brilliance {unknown}
 n - 4 potions of curing
 o - 2 potions of cancellation
 p - 3 potions of degeneration
 q - 2 potions of mutation {unknown}
 r - 2 potions of resistance {unknown}


   Skills:
 - Level 7.1 Fighting
 + Level 14.8 Polearms
 + Level 4.7 Throwing
 - Level 4.0 Dodging
 + Level 2.8 Evocations


You had 8 spell levels left.
You didn't know any spells.
Your spell library was empty.

Dungeon Overview and Level Annotations

Branches:
Dungeon (7/15)             Temple (0/1) D:6

Altars:
Gozag
Makhleb
Okawaru
Trog
Uskayaw
Zin

Shops:
D:5 *:

Annotations:
D:6 exclusion: oklob sapling


Innate Abilities, Weirdness & Mutations

((You are quick and stealthy near water. (Stealth+, EV+, Speed+++)))
Your lower body shifts to a powerful aquatic tail in water.


Message History

The vampire mosquito is lightly damaged.
The vampire mosquito bites you.
* * * LOW HITPOINT WARNING * * *
The vampire mosquito draws strength from your injuries!
The vampire mosquito closely misses you.
You closely miss the vampire mosquito.
The vampire mosquito is lightly damaged.
The vampire mosquito bites you but does no damage.
The vampire mosquito barely misses you.
You miss the vampire mosquito.
The vampire mosquito is lightly damaged.
The vampire mosquito bites you!
* * * LOW HITPOINT WARNING * * *
The vampire mosquito draws strength from your injuries!
The vampire mosquito barely misses you.
You feel a strong urge to attack something.
You are no longer berserk.
You are exhausted.
You feel yourself slow down. The vampire mosquito bites you!
* * * LOW HITPOINT WARNING * * *
The vampire mosquito draws strength from your injuries!
The vampire mosquito closely misses you.
The vampire mosquito bites you but does no damage. x2
You feel better.
The vampire mosquito barely misses you. x2
The vampire mosquito bites you.
* * * LOW HITPOINT WARNING * * *
The vampire mosquito draws strength from your injuries!
The vampire mosquito bites you.
* * * LOW HITPOINT WARNING * * *
The vampire mosquito draws strength from your injuries!
The vampire mosquito bites you.
* * * LOW HITPOINT WARNING * * *
The vampire mosquito draws strength from your injuries!
The vampire mosquito closely misses you.
As you read the scroll labelled UKIUDU LUYNIRE, it crumbles to dust.
Magic quickly surges around you.
It was a scroll of vulnerability.
The vampire mosquito barely misses you. The vampire mosquito misses you.
The vampire mosquito bites you but does no damage.
The vampire mosquito misses you. The vampire mosquito bites you!
You die...

##..#####.......#.:
#...).............
##..).####..####..
###...###>.#
###......##
###.....# ###...###
.# ###...###...#
+##y@.<...#
###.yy##....#
#...5## ...#
#...#.!.# ..#
#....####....# ##
....#. ###..# ... #
.# #. # .


You could see 3 vampire mosquitoes and a white imp (weak-willed).

Vanquished Creatures
  A slime creature (D:4)
  Eustachio (D:6)
  A vampire mosquito (D:7)
  Edmund (D:5)
  Duvessa (D:5)
  An orc warrior (D:7)
  2 black bears
  A sky beast (D:7)
  A centaur (D:5)
  An ogre (D:4)
  A phantom (D:6)
  3 bullfrogs (D:6)
  Blork the orc (D:4)
  A kobold brigand (D:5)
  A scorpion (D:7)
  5 jellies
  A wyvern skeleton (D:7)
  A water moccasin zombie (D:6)
  Dowan (D:5)
  A killer bee (D:7)
  4 wights (D:6)
  2 centaur skeletons
  A hound (D:3)
  2 bullfrog skeletons
  2 gnoll shamans (D:5)
  3 iguanas
  A hound zombie (D:5)
  13 gnolls
  2 howler monkey skeletons
  6 adders
  A shadow imp (D:6)
  An ufetubus (D:5)
  An adder zombie (D:4)
  2 adder skeletons
  2 worms (D:4)
  A dart slug (D:1)
  14 orcs
  3 bats (D:1)
  16 endoplasms
  7 giant cockroaches
  11 goblins
  8 hobgoblins
  6 jackals
  9 kobolds
  7 quokkas
  13 ball pythons
  A frilled lizard (D:1)
  6 rats
172 creatures vanquished.

Vanquished Creatures (others)
  A kobold (D:5)
  10 fungi (D:5)
  4 plants (D:6)
  8 toadstools (D:5)
23 creatures vanquished.

Grand Total: 195 creatures vanquished

Notes
Turn   | Place    | Note
-------+----------+-------------------------------------------
     0 | D:1      | bearlyready the Merfolk Gladiator began the quest for the
                  | Orb.
     0 | D:1      | Reached XP level 1. HP: 16/16 MP: 1/1
    78 | D:1      | Reached skill level 5 in Polearms
   244 | D:1      | Reached XP level 2. HP: 21/22 MP: 2/2
   262 | D:1      | Found a faded altar of an unknown god.
   309 | D:1      | Prayed at the altar of an unknown god.
   309 | D:1      | Became a worshipper of Trog the Wrathful
   309 | D:1      | Reached * piety under Trog
   603 | D:1      | Reached skill level 6 in Polearms
   603 | D:1      | Reached XP level 3. HP: 22/27 MP: 3/3
   934 | D:2      | Reached ** piety under Trog
  1354 | D:2      | Reached skill level 7 in Polearms
  1354 | D:2      | Reached XP level 4. HP: 26/33 MP: 4/4
  1877 | D:3      | Found a hide-covered altar of Uskayaw.
  2128 | D:3      | Reached skill level 8 in Polearms
  2134 | D:2      | Reached XP level 5. HP: 3/38 MP: 5/5
  2719 | D:3      | Found a glowing silver altar of Zin.
  2720 | D:3      | Noticed an angel
  2894 | D:3      | Reached *** piety under Trog
  2983 | D:4      | Found an opulent altar of Gozag.
  3099 | D:4      | Reached skill level 9 in Polearms
  3355 | D:4      | Reached XP level 6. HP: 11/44 MP: 6/6
  3760 | D:4      | Noticed Blork the orc
  3771 | D:4      | Killed Blork the orc
  3772 | D:4      | Reached skill level 10 in Polearms
  4216 | D:4      | Noticed a black bear
  4266 | D:3      | Reached XP level 7. HP: 30/51 MP: 7/7
  4423 | D:4      | Reached skill level 11 in Polearms
  4628 | D:5      | Entered Level 5 of the Dungeon
  4628 | D:5      | Noticed Edmund
  4721 | D:5      | Found Qamn's Book Shop.
  5107 | D:5      | Found a bloodstained altar of Trog.
  5108 | D:5      | Found an iron altar of Okawaru.
  5222 | D:5      | Noticed Duvessa
  5222 | D:5      | Noticed Dowan
  5235 | D:5      | Killed Duvessa
  5239 | D:5      | Killed Dowan
  5433 | D:5      | Killed Edmund
  5434 | D:5      | Reached XP level 8. HP: 61/61 MP: 8/8
  5508 | D:5      | Reached skill level 12 in Polearms
  5690 | D:5      | Found Wase's Neck Hole.
  5800 | D:5      | Reached skill level 5 in Fighting
  5990 | D:5      | Noticed a slime creature
  5990 | D:5      | Noticed a slime creature
  6169 | D:6      | Identified the amulet "Sonucog" {Spirit SInv}
  6202 | D:6      | Reached **** piety under Trog
  6218 | D:6      | Noticed Eustachio
  6473 | D:4      | Killed a slime creature
  6474 | D:4      | Reached skill level 13 in Polearms
  6729 | D:6      | Reached XP level 9. HP: 71/71 MP: 9/9
  6976 | D:6      | Found a staircase to the Ecumenical Temple.
  6994 | D:6      | Reached skill level 14 in Polearms
  7071 | D:6      | Identified the +1 leather armour of Twilight {rF++}
  7307 | D:6      | Killed Eustachio
  7308 | D:6      | Reached skill level 1 in Evocations
  7416 | D:6      | Found a burning altar of Makhleb.
  8069 | D:7      | Slain by a vampire mosquito

Illustrated notes

Levels and vault maps discovered:
D:1:      dpeg_arrival_tiny_h, layout_basic, dreamdust_ecumenical_altar_statues
D:2:      layout_loops_cross, chequers_serial_rivers_micro_a
D:3:      minmay_wonky_spiral, layout_rooms, eat_drink_and_be_merry_uskayaw,
          zin_angel, grunt_ministairs_15
D:4:      layout_gridville, mainiacjoe_overflow_catwalk, minmay_joined_circles,
          uniq_blork_the_orc
D:5:      cheibrodos_fertilizer, layout_loops_ring,
          grunt_temple_overflow_bloody_war, serial_shops,
          nicolae_shop_hallway_stairs, nicolae_shop_sticking_my_neck_out,
          uniq_edmund, uniq_duvessa
D:6:      layout_basic, mainiacjoe_overflow_cross_hatched,
          minmay_temple_entry_oklob, serial_bayou_ford_a, uniq_eustachio
D:7:      minmay_the_grid_four_pointed_star
          [minmay_the_grid_triangle_9x9_impossible_snake,
          minmay_the_grid_triangle_9x9_semitri,
          minmay_the_grid_triangle_9x9_minimal,
          minmay_the_grid_triangle_9x9_sprig,
          minmay_the_grid_prize_diamond_cup], layout_rooms

Skill      XL: |  1  2  3  4  5  6  7  8  9 |
---------------+----------------------------+-----
Polearms       | 5 6 7 8 9 10 11 13 14 | 14.8
Fighting       | 4 6 7 |  7.1
Throwing       | 3 4 |  4.7
Evocations     | 2 |  2.8
Dodging        | |  4.0

Action                   |  1- 3 |  4- 6 |  7- 9 || total
-------------------------+-------+-------+-------++-------
Melee: Trident           |   110 |   220 |   213 ||   543
       Halberd           |       |       |   126 ||   126
Throw: Throwing net      |       |     2 |     2 ||     4
       Javelin           |       |       |     4 ||     4
       Dart              |       |       |     1 ||     1
Invok: Berserk           |       |       |     7 ||     7
Evoke: Wand              |       |       |     1 ||     1
  Use: Scroll            |       |       |     7 ||     7
       Potion            |       |       |     1 ||     1
 Stab: Sleeping          |     2 |       |       ||     2
       Held in net/web   |       |     1 |       ||     1
Armor: Leather armour    |    13 |       |    15 ||    28
       Ring mail         |    12 |       |       ||    12
       Scale mail        |     4 |    48 |    58 ||   110
Dodge: Dodged            |    57 |    72 |   149 ||   278
Block: Other             |     2 |    29 |    19 ||    50
       Reflection        |       |       |     1 ||     1

Table legend: (Time is in decaauts)
 A = Elapsed time spent in this place.
 B = Non-inter-level travel time spent in this place.
 C = Inter-level travel time spent in this place.
 D = Time resting spent in this place.
 E = Time spent auto-exploring this place.
 F = Levels seen in this place.
 G = Mean time per level.
                   A        B        C        D        E       F      G
               +--------+--------+--------+--------+--------+-----+--------+
         Total |   8008 |   7719 |    289 |   1330 |   4967 |   7 | 1144.0 |
       Dungeon |   8008 |   7719 |    289 |   1330 |   4967 |   7 | 1144.0 |
               +--------+--------+--------+--------+--------+-----+--------+

Top non-repeatable levels by time:
     D:4: 1664 daAuts
     D:5: 1628 daAuts
     D:1: 1117 daAuts
     D:2: 1056 daAuts
     D:3: 1050 daAuts
     D:6: 967 daAuts
     D:7: 523 daAuts
